 Dungeon Crawl Stone Soup version 0.30.1-11-g7821555f0a (webtiles) character file.

Game seed: 11388259796929258894

73 bnorton916 the Magician (level 4, 0/24 HPs)
             Began as a Deep Elf Fire Elementalist on Nov 27, 2023.
             Succumbed to an adder's poison
             ... on level 2 of the Dungeon.
             The game lasted 00:02:40 (2356 turns).

bnorton916 the Magician (DEFE)                      Turns: 2356, Time: 00:02:41

Health: 0/24       AC:  3    Str:  5    XL:     4   Next: 8%
Magic:  1/12       EV: 12    Int: 22    God:
Gold:   53         SH:  0    Dex: 15    Spells: 8/11 levels left

rFire   . . .        j - +2 dagger (vamp)
rCold   . . .        (no shield)
rNeg    . . .        a - +0 robe
rPois   .            (no helmet)
rElec   .            (no cloak)
rCorr   .            (no gloves)
SInv    .            k - +0 pair of boots
Will    .....        (no amulet)
Stlth   ++           (no ring)
HPRegen 0.24/turn    (no ring)
MPRegen 0.13/turn

%: no passive effects
@: lethally poisoned (0 -> -3), flying
A: no striking features
a: no special abilities


You were on level 2 of the Dungeon.
You visited 1 branch of the dungeon, and saw 2 of its levels.

You collected 53 gold pieces.

Inventory:

Hand Weapons
 j - a +2 vampiric dagger (weapon)
Missiles
 l - 4 boomerangs (quivered)
Armour
 a - a +0 robe (worn)
 k - a +0 pair of boots (worn)
Jewellery
 g - a +6 ring of intelligence
Scrolls
 c - a scroll of vulnerability {unknown}
 d - a scroll of fog {unknown}
 h - a scroll of magic mapping {unknown}
 i - 2 scrolls of butterflies {unknown}
Potions
 b - a potion of magic
 f - a potion of curing {unknown}
 m - a potion of might {unknown}
 n - 2 potions of haste {unknown}
 o - a potion of mutation {unknown}
 p - a potion of brilliance {unknown}


   Skills:
 - Level 2.4 Dodging
 - Level 2.4 Stealth
 + Level 4.2 Spellcasting
 + Level 2.6 Conjurations
 + Level 4.1 Fire Magic


You had 8 spell levels left.
You knew the following spells:

 Your Spells              Type           Power      Damage    Failure   Level
a - Foxfire               Conj/Fire      76%        2x1d7     2%          1
b - Scorch                Fire           44%        2d7       3%          2

Your spell library contained the following spells:

 Spells                   Type           Power      Damage    Failure   Level
 Inner Flame              Hex/Fire       13%        N/A       14%         3
 Volatile Blastmotes      Fire/Tloc      26%        2d12      14%         3
 Flame Wave               Conj/Fire      19%        2d7       26%         4


Dungeon Overview and Level Annotations

Branches:
Dungeon (2/15)

Altars:

Shops:
D:1 :


Message History

You kill the ball python!
You feel sick. The adder bites you.
You feel sick. The ball python barely misses you. The ball python grabs you.
The ball python constricts you. The adder barely misses you.
Unknown command.
Casting: Scorch (safe; 3% risk of failure)
Confirm with . or Enter, or press ? or * to list all spells.
You conjure some foxfire!
You feel sick. The adder closely misses you.
The ball python bites you but does no damage.
The ball python constricts you. The adder bites you.
* * * LOW HITPOINT WARNING * * *
You are lethally poisoned!
The adder poisons you! The ball python barely misses you.
The ball python constricts you.
* * * LOW HITPOINT WARNING * * *
You feel sick.
The foxfire hits the adder but does no damage.
The adder is almost dead.
The foxfire hits the adder.
You kill the adder!
The ball python barely misses you. The ball python constricts you.
You have reached level 4!
You feel clever.
Casting: Foxfire (safe; 2% risk of failure)
Confirm with . or Enter, or press ? or * to list all spells.
Flames lash the ball python.
You kill the ball python!
* * * LOW HITPOINT WARNING * * *
You feel sick.
* * * LOW HITPOINT WARNING * * *
You feel sick.
Unknown command.
You are lethally poisoned (1 -> -2).
Your movement speed is average.
Your attack delay is about 1.0.
Your damage rating with your +2 vampiric dagger is about 6 (Base 4 x 112% (Dex) x 100% (Skill) + 2 (Ench)).
Unknown command.
It was a potion of flight.
You feel very buoyant.
You fly up into the air.
You die...

#.#...##. #....##
##....####
#......... #####
#.#..##### #...#
##....#
##...###...>.###
#....††.........#
##.###@..........
#.. ##.........#
#.. #.......###
#.#. #.......#
##. #.......# ##
#.......#
#.......# ......#


There were no monsters in sight!

Vanquished Creatures
  2 adders (D:2)
  2 worms (D:2)
  6 ball pythons
  4 endoplasms
  2 giant cockroaches (D:2)
  3 goblins
  3 hobgoblins
  4 jackals
  3 quokkas
  5 bats (D:1)
  8 kobolds
  4 rats (D:1)
46 creatures vanquished.

Vanquished Creatures (collateral kills)
  22 foxfires (D:2)
22 creatures vanquished.

Vanquished Creatures (others)
  160 foxfires
160 creatures vanquished.

Grand Total: 228 creatures vanquished

Notes
Turn   | Place    | Note
-------+----------+-------------------------------------------
     0 | D:1      | bnorton916 the Deep Elf Fire Elementalist began the quest
                  | for the Orb.
     0 | D:1      | Reached XP level 1. HP: 10/10 MP: 6/6
   233 | D:1      | Found Cutuff's Book Shop.
   531 | D:1      | Reached XP level 2. HP: 15/15 MP: 6/8
  1425 | D:1      | Learned a level 2 spell: Scorch
  1772 | D:2      | Reached XP level 3. HP: 16/19 MP: 7/10
  2354 | D:2      | Reached XP level 4. HP: 3/24 MP: 2/12
  2354 | D:2      | HP: 1/24 [poisoned by an adder]
  2356 | D:2      | Succumbed to an adder's poison

Illustrated notes

Levels and vault maps discovered:
D:1:      matt_arrival_refuge, layout_basic, serial_shops,
          nicolae_shop_tiny_glass
D:2:      layout_rooms, minmay_hedge_maze, grunt_ministairs_3,
          minmay_shallow_snake_nest, uniq_robin

Skill      XL: |  1  2  3 |
---------------+----------+-----
Conjurations   | 2 |  2.6
Fire Magic     | 4 |  4.1
Spellcasting   | 4 |  4.2
Dodging        | |  2.4
Stealth        | |  2.4

Action                     |  1- 3 |  4- 6 || total
---------------------------+-------+-------++-------
  Melee: Dagger            |     1 |       ||     1
  Throw: Boomerang         |     1 |       ||     1
   Cast: Foxfire           |   110 |       ||   110
         Scorch            |     6 |     1 ||     7
    Use: Potion            |       |     1 ||     1
 Armour: Robe              |     6 |       ||     6
  Dodge: Dodged            |    24 |       ||    24
